 Dungeon Crawl Stone Soup version 0.27-a0-46-g34d46f0a3f (webtiles) character file.

Game seed: 8188874444162138584

650340 Goblin1989 the Rhythm of Life and Death (level 27, -2/328 HPs)
             Began as a Demonspawn Brigand on Jan 6, 2021.
             Was a Follower of Uskayaw.
             Slain by an acid blob (18 damage)
             ... created by the Royal Jelly
             ... on level 5 of the Pits of Slime on Jan 7, 2021.
             The game lasted 02:07:16 (64535 turns).

Goblin1989 the Rhythm of Life and Death (DsBr)     Turns: 64535, Time: 02:07:17

Health: -2/328     AC: 39    Str: 22    XL:     27
Magic:  0/40       EV: 21    Int: 18    God:    Uskayaw [*.....]
Gold:   6284       SH:  0    Dex:  9    Spells: 26/26 levels left

rFire    + + .     SeeInvis +   b - +7 pair of quick blades "Gyre" and "Gimble" {protect}
rCold    + + .     Faith    .   (shield currently unavailable)
rNeg     + + .     Spirit   +   N - +12 gold dragon scales
rPois    +         Reflect  .   z - +3 crown of Dyrovepreva {rElec Int+2 SInv}
rElec    +         Harm     .   j - +2 cloak {Will+}
rCorr    +         Rampage  .   e - +2 pair of gloves
Will     +++++     Rnd*Rage +   (boots unavailable)
Stlth    ..........             l - amulet "Paosisic" {rF+ Regen+ Str-2 SInv}
HPRegen  1.04/turn              w - ring of Suspicion {Wiz +Inv rN++ Will+ Dex-5}
MPRegen  0.54/turn              J - ring of Wyigany {+Fly rC+ rCorr Str+4}

@: agile, berserking (expiring), corroded, protection aura, repel missiles, very
quick
A: talons 3, repulsion field 3, berserk 1, clumsy 1, frail 1, strong-willed 1,
powered by pain 3, screaming 2, wild magic 1, evolution 1, augmentation 3, magic
shield, magic regeneration, magic link
}: 3/15 runes: serpentine, barnacled, silver
a: Renounce Religion, Evoke Invisibility, Evoke Flight, Stomp


You were on level 5 of the Pits of Slime.
You worshipped Uskayaw.
Uskayaw was exalted by your worship.
You visited 12 branches of the dungeon, and saw 58 of its levels.
You also visited: Sewer, Ice Cave and Wizlab.

You collected 9423 gold pieces.
You spent 3139 gold pieces at shops.

Inventory:

Hand Weapons
 a - a +9 quick blade of chaos
 b - the +7 pair of quick blades "Gyre" and "Gimble" (weapon) {protect}
   (You found it on level 11 of the Dungeon)

   It grants its wielder temporary protection when it strikes (+7 to AC).
Missiles
 k - 18 curare-tipped darts
 n - 5 boomerangs of dispersal
 t - 45 javelins (quivered) {@Q2}
 D - 50 silver javelins {@Q2}
 Z - 4 throwing nets {!d , @Q1}
Armour
 e - a +2 pair of gloves (worn)
 j - a +2 cloak of willpower (worn)
 z - the +3 crown of Dyrovepreva (worn) {rElec Int+2 SInv}
   (You bought it in a shop on level 2 of the Orcish Mines)

   It affects your intelligence (+2).
   It insulates you from electricity.
   It lets you see invisible.
 N - +12 gold dragon scales (worn)
Jewellery
 c - an uncursed ring of protection from cold
 l - the amulet "Paosisic" (around neck) {rF+ Regen+ Str-2 SInv}
   (You bought it in a shop on level 2 of the Orcish Mines)

   [amulet of regeneration]

   It affects your strength (-2).
   It protects you from fire.
   It lets you see invisible.
   It increases your rate of regeneration.
 s - the ring "Asogyus" {rF+ MP+9}
   (You found it in a wizard's laboratory)

   [ring of magical power]

   It protects you from fire.
   It affects your magic capacity (+9).
 w - the ring of Suspicion (left hand) {Wiz +Inv rN++ Will+ Dex-5}
   (You found it in a wizard's laboratory)

   [ring of wizardry]

   It improves your spell success rate.
   It affects your dexterity (-5).
   It greatly protects you from negative energy.
   It affects your willpower, your defense against some magical effects.
   It lets you turn invisible.
 J - the ring of Wyigany (right hand) {+Fly rC+ rCorr Str+4}
   (You found it on level 3 of the Crypt)

   [ring of resist corrosion]

   It affects your strength (+4).
   It protects you from cold.
   It lets you fly.
   It provides partial protection from all sources of acid and corrosion.
Wands
 i - a wand of iceblast (86) {@v4}
 C - a wand of acid (50) {@v2}
 G - a wand of digging (39) {@v1}
 P - a wand of paralysis (77) {@v7}
Scrolls
 d - 35 scrolls of remove curse {@r3}
 o - 2 scrolls of acquirement
 r - 14 scrolls of enchant weapon
 v - 8 scrolls of fear
 B - 8 scrolls of blinking
 M - a scroll of magic mapping
 R - 29 scrolls of identify {@r1}
 S - 2 scrolls of summoning
 T - 25 scrolls of teleportation {!r, @r2}
 U - 6 scrolls of fog
 Y - 15 scrolls of enchant armour
Potions
 h - 28 potions of curing {@q1}
 m - 4 potions of mutation {!q}
 p - 20 potions of heal wounds {@q2}
 q - 4 potions of resistance {@q6}
 u - 10 potions of flight
 x - 6 potions of cancellation
 A - 14 potions of haste {@q3,}
 F - 4 potions of invisibility
 H - 2 potions of magic
 I - 3 potions of berserk rage
 K - 7 potions of attraction
 L - 16 potions of lignification
 V - 9 potions of might {@q4}
 X - 9 potions of ambrosia
Miscellaneous
 E - a condenser vane
 O - a phantom mirror
 W - a phial of floods


   Skills:
 + Level 25.7 Fighting
 - Level 14.0 Short Blades
 - Level 4.0 Throwing
 + Level 12.2 Armour
 + Level 24.0 Dodging
 - Level 3.6 Stealth
 O Level 27 Invocations
 - Level 12.0 Evocations


You had 26 spell levels left.
You didn't know any spells.
Your spell library contained the following spells:

 Spells                   Type           Power        Failure   Level
 Animate Skeleton         Necr           0%           99%         1
 Apportation              Tloc           0%           99%         1
 Corona                   Hex            0%           99%         1
 Foxfire                  Conj/Fire      0%           99%         1
 Freeze                   Ice            0%           99%         1
 Magic Dart               Conj           0%           99%         1
 Sandblast                Erth           0%           99%         1
 Shock                    Conj/Air       0%           99%         1
 Sting                    Tmut/Pois      0%           99%         1
 Summon Small Mammal      Summ           0%           99%         1
 Blink                    Tloc           N/A          100%        2
 Call Imp                 Summ           0%           100%        2
 Corpse Rot               Necr/Air       N/A          100%        2
 Ensorcelled Hibernation  Hex/Ice        0%           100%        2
 Passwall                 Tmut/Erth      0%           100%        2
 Poisonous Vapours        Pois/Air       0%           100%        2
 Searing Ray              Conj           0%           100%        2
 Slow                     Hex            0%           100%        2
 Sublimation of Blood     Necr           0%           100%        2
 Swiftness                Air            0%           100%        2
 Call Canine Familiar     Summ           0%           100%        3
 Confusing Touch          Hex            0%           100%        3
 Conjure Flame            Conj/Fire      0%           100%        3
 Dazzling Flash           Conj/Hex       0%           100%        3
 Frozen Ramparts          Ice            0%           100%        3
 Gell's Gravitas          Tloc           0%           100%        3
 Ignite Poison            Fire/Tmut/Pois 0%           100%        3
 Inner Flame              Hex/Fire       0%           100%        3
 Lesser Beckoning         Tloc           0%           100%        3
 Mephitic Cloud           Conj/Pois/Air  0%           100%        3
 Ozocubu's Armour         Ice            0%           100%        3
 Portal Projectile        Hex/Tloc       0%           100%        3
 Static Discharge         Conj/Air       0%           100%        3
 Stone Arrow              Conj/Erth      0%           100%        3
 Summon Guardian Golem    Hex/Summ       0%           100%        3
 Teleport Other           Tloc           0%           100%        3
 Tukima's Dance           Hex            0%           100%        3
 Airstrike                Air            0%           100%        4
 Animate Dead             Necr           0%           100%        4
 Cause Fear               Hex            0%           100%        4
 Dispel Undead            Necr           0%           100%        4
 Hailstorm                Conj/Ice       0%           100%        4
 Iskenderun's Mystic Bla  Conj/Tloc      0%           100%        4
 Leda's Liquefaction      Hex/Erth       0%           100%        4
 Olgreb's Toxic Radiance  Pois           0%           100%        4
 Passage of Golubria      Tloc           N/A          100%        4
 Petrify                  Tmut/Erth      0%           100%        4
 Sticky Flame             Conj/Fire      0%           100%        4
 Summon Ice Beast         Ice/Summ       0%           100%        4
 Summon Lightning Spire   Summ/Air       0%           100%        4
 Agony                    Necr           0%           100%        5
 Alistair's Intoxication  Tmut/Pois      0%           100%        5
 Bolt of Magma            Conj/Fire/Erth 0%           100%        5
 Borgnjor's Vile Clutch   Necr/Erth      0%           100%        5
 Excruciating Wounds      Necr           0%           100%        5
 Fireball                 Conj/Fire      0%           100%        5
 Irradiate                Conj/Tmut      0%           100%        5
 Lee's Rapid Deconstruct  Erth           0%           100%        5
 Lightning Bolt           Conj/Air       0%           100%        5
 Silence                  Hex/Air        0%           100%        5
 Yara's Violent Unravell  Hex/Tmut       0%           100%        5
 Death Channel            Necr           0%           100%        6
 Dispersal                Tloc           0%           100%        6
 Eringya's Noxious Bog    Tmut/Pois      0%           100%        6
 Freezing Cloud           Conj/Ice/Air   0%           100%        6
 Hydra Form               Tmut           0%           100%        6
 Invisibility             Hex            0%           100%        6
 Shadow Creatures         Summ           N/A          100%        6
 Simulacrum               Ice/Necr       0%           100%        6
 Starburst                Conj/Fire      0%           100%        6
 Statue Form              Tmut/Erth      0%           100%        6
 Dragon Form              Tmut           0%           100%        7
 Orb of Destruction       Conj           0%           100%        7
 Spellforged Servitor     Conj/Summ      0%           100%        7
 Chain Lightning          Conj/Air       0%           100%        8
 Discord                  Hex            0%           100%        8
 Disjunction              Tloc           0%           100%        8
 Ignition                 Fire           0%           100%        8
 Infestation              Necr           0%           100%        8
 Lehudib's Crystal Spear  Conj/Erth      0%           100%        8
 Absolute Zero            Ice            0%           100%        9
 Dragon's Call            Summ           0%           100%        9
 Fire Storm               Conj/Fire      0%           100%        9
 Shatter                  Erth           0%           100%        9
 Tornado                  Air            0%           100%        9


Dungeon Overview and Level Annotations

Branches:
Dungeon (15/15)            Temple (1/1) D:5            Lair (6/6) D:10
 Shoals (4/4) Lair:3        Snake (4/4) Lair:3        Slime (5/5) Lair:6
    Orc (2/2) D:12            Elf (3/3) Orc:2        Vaults (5/5) D:14
  Crypt (3/3) Vaults:3       Tomb (0/3) Crypt:3      Depths (5/5) D:15
    Zot (5/5) Depths:5      Sewer (visited)           IceCv (visited)
 WizLab (visited)

Altars:
Ashenzari
Cheibriados
Dithmenos
Elyvilon
Fedhas
Gozag
Hepliaklqana
Kikubaaqudgha
Makhleb
Nemelex Xobeh
Okawaru
Qazlal
Ru
Sif Muna
Trog
Uskayaw
Vehumet
Wu Jian
Xom
Yredelemnul
Zin
The Shining One
Beogh
Jiyva

Shops:
D:13 *   D:15 !   Orc:2 :![[=   Snake:1 (*}   Snake:2 [   Snake:3 (
Vaults:1 :   Vaults:3 :   Depths:5 [

Portals:
Hell: Depths:1 Depths:2 Depths:3 Depths:4 Depths:5
Abyss: Depths:3 Depths:4
Pandemonium: Depths:2 Depths:3
Ziggurat: Depths:3

Annotations:
D:8 3 runed translucent doors
D:9 2 runed translucent doors, exclusion: downstairs
D:10 1 runed translucent door
Shoals:3 3 runed translucent doors, exclusion: obsidian statue, Life0's ghost, adept MiBe
Elf:2 5 runed translucent doors
Vaults:1 exclusion: orange crystal statue
Depths:5 exclusion: orange crystal statue
Zot:5 1 runed translucent door, 1 exclusion


Innate Abilities, Weirdness & Mutations

You have claws for feet.
You are surrounded by a strong repulsion field. (EV +4, RMsl)
You are powered by pain.
Your magical and physical power is greatly enhanced at high health.
When hurt, damage is shared between your health and your magic reserves.
You regenerate magic rapidly.
When low on magic, you restore magic in place of health.
You tend to lose your temper in combat.
You are clumsy. (Dex -2)
You are frail. (-10% HP)
You are strong-willed. (Will+)
You sometimes yell uncontrollably at your foes.
Your spells are a little harder to cast, but a little more powerful.
You evolve.


Message History

* * * LOW HITPOINT WARNING * * *
You hit the acid blob.
Your hands burn!
* * * LOW HITPOINT WARNING * * *
The acid blob hits you but does no damage.
The acid blob spits acid at you. The splash of acid misses you.
You take 2 damage, and have 146/328 hp.
You puncture the acid blob!
Your hands burn!
* * * LOW HITPOINT WARNING * * *
You claw the acid blob, but do no damage.
You hit the acid blob.
Your hands burn!
* * * LOW HITPOINT WARNING * * *
The acid blob spits acid at you. The splash of acid hits you. You resist.
* * * LOW HITPOINT WARNING * * *
You are splashed with acid!
You resist.
* * * LOW HITPOINT WARNING * * *
You take 11 damage, and have 135/328 hp.
You now have 23/40 mp.
You barely miss the azure jelly.
You claw the azure jelly, but do no damage.
You barely miss the azure jelly.
Your gold dragon scales prevents you from hitting the acid blob.
You claw the acid blob. You hit the acid blob.
Your hands burn!
* * * LOW HITPOINT WARNING * * *
You take 2 damage, and have 133/328 hp.
You puncture the acid blob!
You kill the acid blob!
That felt strangely unrewarding.
The azure jelly hits you but does no damage.
The azure jelly hits you!
* * * LOW HITPOINT WARNING * * *
The azure jelly freezes you. You resist.
* * * LOW HITPOINT WARNING * * *
The azure jelly hits you but does no damage. x2
The acid blob hits you but does no damage.
You take 10 damage, and have 123/328 hp.
You now have 21/40 mp.
You puncture the azure jelly! You claw the azure jelly.
You hit the azure jelly.
The acid blob hits you but does no damage.
The acid blob hits you!
* * * LOW HITPOINT WARNING * * *
You are splashed with acid.
You resist.
* * * LOW HITPOINT WARNING * * *
The acid blob hits you!
* * * LOW HITPOINT WARNING * * *
You are splashed with acid.
You resist.
* * * LOW HITPOINT WARNING * * *
The azure jelly closely misses you.
The azure jelly hits you but does no damage.
The azure jelly barely misses you. The azure jelly hits you.
* * * LOW HITPOINT WARNING * * *
You take 30 damage, and have 93/328 hp.
You now have 18/40 mp.
You hit the azure jelly. You claw the azure jelly!!
Your gold dragon scales prevents you from hitting the azure jelly.
The slime creature is no longer sharing its pain.
You hit the death ooze. You claw the death ooze! You hit the death ooze.
The acid blob hits you!!
* * * LOW HITPOINT WARNING * * *
You are splashed with acid.
You resist.
* * * LOW HITPOINT WARNING * * *
The azure jelly hits you but does no damage. x4
You take 19 damage, and have 74/328 hp.
You now have 14/40 mp.
You hit the death ooze but do no damage.
You claw the death ooze. You puncture the death ooze!
The acid blob completely misses you.
You puncture the death ooze!
You destroy the death ooze!
That felt strangely unrewarding.
The acid blob spits acid at you. The splash of acid hits you. You resist.
* * * LOW HITPOINT WARNING * * *
The acid corrodes you!
You are splashed with acid!
You resist.
* * * LOW HITPOINT WARNING * * *
The acid blob hits you!
* * * LOW HITPOINT WARNING * * *
You are splashed with acid.
You resist.
* * * LOW HITPOINT WARNING * * *
You take 22 damage, and have 52/328 hp.
You now have 10/40 mp.
You puncture the azure jelly! You claw the azure jelly!
Your gold dragon scales prevents you from hitting the azure jelly.
The azure jelly closely misses you. The azure jelly barely misses you.
The azure jelly completely misses you. The azure jelly misses you.
You puncture the azure jelly! You claw the azure jelly.
You kill the azure jelly!
That felt strangely unrewarding.
You impale the azure jelly!! You puncture the azure jelly!
The acid blob hits you!!
* * * LOW HITPOINT WARNING * * *
You focus on the pain.
You feel agile all of a sudden.
You are splashed with acid.
You resist.
* * * LOW HITPOINT WARNING * * *
The acid blob hits you!
* * * LOW HITPOINT WARNING * * *
You are splashed with acid.
You resist.
* * * LOW HITPOINT WARNING * * *
The acid blob hits you!!
You die...

█$)))$....$[φ"! .......
█)):(......()(! .......
█$!.)....[.)(█ .......
███..........███ ......█
................ .......
█............█ ......█
██.....J....██
......████?$.=JJJJ).)/██
.......██|$}(.JJ@J.)}?(█
.......██[=:)$.J..[[(:)█
........██?)(██..██)[!██
........███?! █.██ ?██
..........██ █..█ █
...........█████.█
...........█..█..███..
.......................
.......................


You could see 5 acid blobs, 2 azure jellies, a slime creature and a death ooze.

Vanquished Creatures
  the Royal Jelly (Slime:5)
  Dissolution (Slime:4)
  An orb of fire (Zot:3)
  2 ancient liches
  Sojobo (Vaults:4)
  Bai Suzhen (Snake:4)
  2 curse toes
  Margery (Depths:1)
  11 golden dragons
  Nikola (Shoals:3)
  A bone dragon (Crypt:3)
  Jorgrun (Orc:1)
  Rupert (Lair:3)
  15 tentacled monstrosities
  9 titans
  4 quicksilver dragons
  A moon troll (WizLab)
  6 liches
  2 deep elf blademasters (Elf:3)
  Asterion (Snake:4)
  6 sphinxes
  2 deep elf master archers (Elf:3)
  14 acid blobs
  2 ancient champions (Crypt:2)
  Kirke (D:14)
  4 draconian monks
  8 death cobs
  11 tentacled starspawn (WizLab)
  15 storm dragons
  10 tengu reavers
  7 nagarajas
  10 shadow dragons
  3 revenants
  13 fire giants
  8 frost giants
  12 azure jellies
  7 draconian scorchers
  14 deep elf sorcerers
  2 ghost moths
  An iron dragon (Depths:3)
  6 vault wardens
  A juggernaut zombie (Crypt:1)
  Aizul (Snake:4)
  3 draconian shifters (Zot:1)
  2 draconian knights (Depths:5)
  5 deep elf elementalists
  An orc warlord (Orc:1)
  4 ghouls
  4 curse skulls
  4 draconian stormcallers
  13 ironheart preservers
  4 draconian annihilators
  7 war gargoyles
  2 reapers
  28 very ugly things
  11 vampire knights
  20 stone giants
  7 deep elf demonologists
  8 purple draconians
  8 white draconians
  8 green draconians
  10 spark wasps
  4 entropy weavers
  7 deep elf annihilators
  8 yellow draconians
  A spark wasp (shapeshifter) (Vaults:5)
  Snorg (Lair:5)
  14 ettins
  12 black draconians
  10 red draconians
  2 crystal guardians
  7 deep elf death magi
  6 deep elf high priests
  A green death (Depths:3)
  13 merfolk impalers
  54 slime creatures
  4 death oozes
  2 eidola
  8 fire dragons
  A quicksilver dragon zombie (Crypt:3)
  19 yaktaur captains
  5 merfolk javelineers
  14 jiangshi
  26 vault guards
  17 great orbs of eyes
  8 hydras
  16 naga warriors
  4 rakshasas
  A spriggan air mage (Depths:3)
  7 boulder beetles
  19 ice dragons
  7 anacondas
  12 centaur warriors
  A catoblepas (Lair:6)
  3 death knights
  Erica (Orc:1)
  6 merfolk aquamancers
  48 two-headed ogres
  7 deep troll shamans
  3 merfolk avatars
  14 ogre magi
  12 dancing weapons
  11 death yaks (Lair:6)
  7 deep troll earth magi
  4 tengu warriors
  9 orc high priests
  6 shock serpents
  A spriggan berserker (Depths:2)
  10 naga sharpshooters
  A shock serpent (shapeshifter) (Elf:2)
  18 deep elf knights
  2 iron trolls (Depths:2)
  6 hell knights
  9 vampire magi
  Sonja (Lair:5)
  2 storm dragon zombies
  3 shadow wraiths
  A salamander mystic (Depths:3)
  2 golden dragon zombies
  4 unseen horrors
  A sixfirhy (Depths:3)
  33 deep trolls
  47 skeletal warriors
  A sea snake (shapeshifter) (Vaults:5)
  14 sea snakes
  A deep troll (shapeshifter) (Depths:5)
  A bog body (Crypt:1)
  5 flayed ghosts
  2 orange crystal statues
  11 glowing orange brains
  3 naga ritualists
  6 wizards
  2 lindwurms
  8 necromancers
  18 deep elf archers
  7 ironbrand convokers
  15 harpies
  A gelid demonspawn (Depths:3)
  3 phantasmal warriors
  An orb spider (shapeshifter) (Vaults:1)
  5 shining eyes
  9 cyclopes
  14 orc knights
  A frost giant zombie (Crypt:3)
  2 human zombies
  3 stone giant zombies
  7 mana vipers
  3 wolf spiders
  19 manticores
  7 orc sorcerers
  A mana viper (shapeshifter) (Vaults:5)
  A manticore (shapeshifter) (Depths:5)
  51 deep elf magi
  38 ugly things
  A tengu skeleton (Vaults:3)
  10 salamanders
  An iron dragon skeleton (Crypt:3)
  11 fire giant skeletons
  2 ice statues (IceCv)
  5 water nymphs
  19 moths of wrath
  8 merfolk sirens
  2 stone giant skeletons
  2 guardian serpents
  26 naga magi
  A black mamba (shapeshifter) (D:15)
  27 black mambas
  A frost giant skeleton (Vaults:3)
  19 elephants
  16 vault sentinels
  8 gargoyles
  15 cane toads
  4 eyes of devastation
  5 spectral swamp worms (Depths:4)
  A dire elephant skeleton (Crypt:3)
  6 komodo dragons
  An elf zombie (Vaults:5)
  64 yaktaurs
  4 rime drakes
  2 kobold demonologists
  7 freezing wraiths
  An ice devil (Depths:2)
  A purple draconian skeleton (Crypt:3)
  13 trolls
  2 white draconian skeletons
  4 meliai
  2 red devils (Depths:2)
  A tengu conjurer (D:13)
  A queen bee (Lair:4)
  2 hellwings (Depths:3)
  A meliai (shapeshifter) (Vaults:4)
  A polar bear (shapeshifter) (Vaults:2)
  8 wind drakes
  7 blink frogs (Lair:5)
  A hydra skeleton (Crypt:3)
  17 merfolk
  A shadow dragon simulacrum (Vaults:3)
  A harpy skeleton (D:15)
  An ettin zombie (Vaults:3)
  3 hornets
  A fire giant simulacrum (Vaults:3)
  2 dream sheep (Shoals:2)
  A snapping turtle (shapeshifter) (D:13)
  A stone giant simulacrum (Vaults:1)
  An iron dragon simulacrum (Vaults:5)
  4 snapping turtles
  10 water elementals
  12 starcursed masses (WizLab)
  12 flying skulls (Crypt:1)
  An ice dragon skeleton (Crypt:3)
  6 air elementals
  6 shadows
  An ettin skeleton (Crypt:2)
  7 vampires
  14 wraiths
  2 redbacks (shapeshifter)
  6 redbacks
  6 wyverns
  A hog (shapeshifter) (Vaults:3)
  29 yaks
  6 fire dragon skeletons (Crypt:3)
  A ynoxinul (Depths:3)
  3 hogs (D:14)
  4 basilisks
  3 fire elementals
  19 humans (D:14)
  2 golden eyes (shapeshifter)
  10 golden eyes
  2 vampire mosquitoes (D:15)
  A chaos spawn (Depths:2)
  A neqoxec (WizLab)
  A yaktaur simulacrum (Vaults:3)
  2 steam dragons
  A swamp worm (shapeshifter) (Vaults:2)
  An elf skeleton (Vaults:1)
  A soldier ant (shapeshifter) (Vaults:3)
  4 acid dragons
  10 wargs
  A faun zombie (Crypt:2)
  38 nagas
  A floating eye (Depths:2)
  25 water moccasins
  A faun skeleton (Crypt:1)
  45 orc warriors
  A hornet zombie (Crypt:1)
  16 ice beasts
  3 sky beasts
  2 snapping turtle zombies (Crypt:3)
  10 black bears
  6 phantoms
  A boulder beetle simulacrum (Vaults:2)
  A black bear (shapeshifter) (Depths:3)
  9 eyes of draining
  An eye of draining (shapeshifter) (Vaults:4)
  30 ogres
  7 boggarts
  4 human skeletons
  3 necrophages
  A swamp dragon zombie (Crypt:3)
  21 wolves
  13 centaurs
  An elephant skeleton (Crypt:1)
  A fire crab zombie (Crypt:1)
  A snapping turtle skeleton (Crypt:3)
  4 big kobolds
  24 bullfrogs
  A big kobold (shapeshifter) (Vaults:4)
  4 earth elementals
  A water moccasin zombie (D:5)
  A wyvern skeleton (D:11)
  5 scorpions
  A human simulacrum (Vaults:5)
  A water moccasin skeleton (D:9)
  28 killer bees
  A queen bee zombie (Crypt:2)
  A polar bear skeleton (Crypt:1)
  A vampire bat (D:2)
  5 howler monkeys
  11 wights
  3 electric eels (Snake:1)
  5 centaur zombies
  2 bullfrog zombies
  7 hounds
  A quasit (D:14)
  A jelly (shapeshifter) (Vaults:5)
  4 bullfrog skeletons
  9 centaur skeletons
  43 orc priests
  3 iron imps
  A jelly (D:13)
  2 iguanas
  25 orc wizards
  5 hell rats (Lair:6)
  9 worker ants
  2 naga zombies
  An ogre skeleton (Crypt:2)
  2 hound zombies (D:5)
  A hound skeleton (D:5)
  A howler monkey zombie (D:5)
  A worker ant zombie (D:10)
  3 gnolls (D:9)
  2 river rats (Sewer)
  14 adders
  3 shadow imps
  9 white imps
  4 ufetubi
  An ooze (D:3)
  2 adder skeletons
  2 adder zombies
  2 worms
  3 dart slugs
  7 leopard geckos
  125 orcs
  4 bat skeletons (D:2)
  A bat zombie (D:2)
  3 giant cockroaches
  8 hobgoblins
  4 jackals
  7 quokkas
  3 ball pythons
  5 bats
  8 frilled lizards
  2 gnoll zombies (D:8)
  8 goblins
  A goblin zombie (D:8)
  2 jackal zombies (D:5)
  30 kobolds
  A leopard gecko skeleton (D:5)
  A leopard gecko zombie (Crypt:2)
  An orc zombie (Crypt:2)
  A quokka skeleton (D:7)
  A quokka zombie (D:5)
  15 rats
  A rat zombie (D:8)
  A plant (Depths:5)
  20 starspawn tentacles (WizLab)
2509 creatures vanquished.

Vanquished Creatures (others)
  A draconian shifter (Zot:2)
  A deep elf demonologist (Elf:3)
  4 black draconians (Zot:2)
  A deep elf annihilator (Elf:3)
  A moth of wrath (Zot:2)
  A merfolk siren (Shoals:2)
  A blink frog (shapeshifter) (Elf:2)
  A human (D:14)
  A demonic plant (WizLab)
  25 fungi
  83 plants
  19 starspawn tentacles (WizLab)
  A withered plant (D:5)
140 creatures vanquished.

Grand Total: 2649 creatures vanquished

Notes
Turn   | Place    | Note
-------+----------+-------------------------------------------
     0 | D:1      | Goblin1989 the Demonspawn Brigand began the quest for the
                  | Orb.
     0 | D:1      | Reached XP level 1. HP: 16/16 MP: 1/1
   461 | D:1      | Gained mutation: You sometimes gain a little power by
                  | taking damage. [demonic ancestry]
   461 | D:1      | Reached XP level 2. HP: 22/22 MP: 2/2
  1497 | D:2      | Noticed a howler monkey
  1516 | D:2      | Killed a howler monkey
  1517 | D:2      | Reached XP level 3. HP: 5/27 MP: 3/3
  1632 | D:2      | Reached XP level 4. HP: 15/33 MP: 4/4
  2224 | D:2      | Found an ancient bone altar of Kikubaaqudgha.
  2856 | D:3      | Found a blossoming altar of Fedhas.
  2870 | D:3      | Found a sparkling altar of Nemelex Xobeh.
  2907 | D:3      | Reached XP level 5. HP: 23/38 MP: 5/5
  2912 | D:3      | Reached skill level 5 in Short Blades
  3766 | D:3      | Found a white marble altar of Elyvilon.
  3923 | D:4      | Found an ornate altar of the Wu Jian Council.
  3943 | D:4      | Found a glowing drain.
  4188 | Sewer    | Entered a sewer
  4332 | Sewer    | Reached XP level 6. HP: 25/44 MP: 6/6
  4518 | Sewer    | Found a white marble altar of Elyvilon.
  4616 | D:5      | Entered Level 5 of the Dungeon
  5200 | D:5      | Found a sacrificial altar of Ru.
  5693 | D:5      | Gained mutation: You have sharp toenails. [demonic
                  | ancestry]
  5693 | D:5      | Reached XP level 7. HP: 23/50 MP: 7/7
  5933 | D:5      | Found a shadowy altar of Dithmenos.
  6570 | D:5      | Found a staircase to the Ecumenical Temple.
  6594 | Temple   | Entered the Ecumenical Temple
  6728 | Temple   | Became a worshipper of Uskayaw the Reveller
  6795 | D:5      | Reached * piety under Uskayaw
  6798 | D:5      | Reached skill level 1 in Dodging
  6994 | D:5      | Reached ** piety under Uskayaw
  7343 | D:6      | Reached skill level 1 in Armour
  7529 | D:6      | Reached XP level 8. HP: 56/57 MP: 8/8
  7551 | D:6      | Found a burning altar of Makhleb.
  7776 | D:6      | Found a hazy altar of Hepliaklqana.
  7865 | D:6      | Found a stormy altar of Qazlal.
  8934 | D:7      | Reached *** piety under Uskayaw
  9373 | D:7      | Reached skill level 1 in Invocations
  9775 | D:8      | Found a sacrificial altar of Ru.
  9820 | D:8      | Reached **** piety under Uskayaw
  9858 | D:8      | Reached skill level 2 in Invocations
  9858 | D:8      | Reached XP level 9. HP: 29/65 MP: 10/10
  9954 | D:8      | Found a sand-covered staircase.
 10514 | D:8      | Reached skill level 3 in Invocations
 10741 | D:8      | Found a basalt altar of Yredelemnul.
 11043 | D:8      | Found a runed translucent gate.
 11047 | D:8      | Found a runed translucent gate.
 11048 | D:8      | Found a runed translucent gate.
 11049 | D:8      | Noticed a white ugly thing
 11375 | D:8      | Noticed a purple ugly thing
 11894 | D:9      | Reached ***** piety under Uskayaw
 11898 | D:9      | Reached skill level 4 in Invocations
 12056 | D:9      | Found an iron altar of Okawaru.
 12146 | D:9      | Reached skill level 10 in Short Blades
 12163 | D:9      | Reached skill level 5 in Fighting
 12338 | D:9      | Found a runed translucent door.
 12493 | D:9      | Noticed a troll
 12505 | D:9      | Killed a troll
 12685 | D:9      | Found a runed translucent door.
 12850 | D:10     | Entered Level 10 of the Dungeon
 12881 | D:9      | Gained mutation: You are surrounded by a mild repulsion
                  | field. (EV +2) [demonic ancestry]
 12881 | D:9      | Reached XP level 10. HP: 37/74 MP: 13/13
 12888 | D:10     | Reached skill level 5 in Invocations
 13281 | D:10     | Noticed a gargoyle
 13290 | D:10     | Killed a gargoyle
 13532 | D:10     | You fall into a shaft and drop 2 floors!
 13547 | D:12     | Reached skill level 5 in Dodging
 13548 | D:12     | Reached skill level 6 in Invocations
 13825 | D:12     | Reached skill level 5 in Armour
 13964 | D:12     | Got an ancient chain mail
 14277 | D:12     | Killed an enormous slime creature
 14467 | D:12     | Gained mutation: You are surrounded by a moderate repulsion
                  | field. (EV +3) [demonic ancestry]
 14467 | D:12     | Reached XP level 11. HP: 69/83 MP: 16/16
 15181 | D:12     | Found a staircase to the Orcish Mines.
 15259 | D:12     | Reached skill level 7 in Invocations
 15733 | D:11     | Found the +7 pair of quick blades "Gyre" and "Gimble"
                  | {protect}
 15886 | D:11     | Identified the cursed +0 ring mail of Philately {Rampage
                  | rElec}
 16779 | D:10     | Noticed a two-headed ogre
 16788 | D:10     | Killed a two-headed ogre
 16789 | D:10     | Reached skill level 8 in Invocations
 17091 | D:10     | Noticed an orc knight
 17091 | D:10     | Noticed a tengu warrior
 17092 | D:10     | Noticed a death knight
 17092 | D:10     | Noticed a centaur warrior
 17093 | D:10     | Noticed a cyan ugly thing
 17113 | D:10     | Killed a tengu warrior
 17120 | D:10     | Killed a centaur warrior
 17121 | D:10     | Killed an orc knight
 17372 | D:9      | Found a glowing golden altar of the Shining One.
 17390 | D:10     | Gained mutation: Your magical capacity is low. (-10% MP)
                  | [potion of mutation]
 17390 | D:10     | Gained mutation: You are strong-willed. (Will+) [potion of
                  | mutation]
 17390 | D:10     | Gained mutation: You are agile. (Dex +2) [potion of
                  | mutation]
 17404 | D:10     | Killed a death knight
 17464 | D:10     | Got warped ice dragon scales
 17466 | D:10     | Got a smouldering dagger
 17468 | D:10     | Got a fine long sword
 17472 | D:10     | Identified the +8 dagger of Conversion {vorpal, Str+6
                  | Dex-2} (You found it on level 10 of the Dungeon)
 17474 | D:10     | Identified the cursed +0 long sword of the Past {antimagic,
                  | rN+ Stlth+} (You found it on level 10 of the Dungeon)
 17488 | D:10     | Identified the +14 chain mail "Jeymou" {rPois} (You found
                  | it on level 12 of the Dungeon)
 17498 | D:10     | Identified the +1 ice dragon scales "Xuffe" {rPois rF-
                  | rC++} (You found it on level 10 of the Dungeon)
 17560 | D:10     | Found a runed translucent door.
 17563 | D:10     | Noticed a deep elf mage
 17596 | D:10     | Gained mutation: You are surrounded by a strong repulsion
                  | field. (EV +4, RMsl) [demonic ancestry]
 17596 | D:10     | Reached XP level 12. HP: 81/92 MP: 16/16
 17865 | D:10     | Found a staircase to the Lair.
 17912 | D:10     | Reached skill level 9 in Invocations
 17962 | Lair:1   | Entered Level 1 of the Lair of Beasts
 18125 | Lair:1   | Noticed a five-headed hydra
 18135 | Lair:1   | Killed a five-headed hydra
 18315 | Lair:1   | Noticed a five-headed hydra
 18325 | Lair:1   | Killed a five-headed hydra
 18614 | Lair:2   | Noticed a boulder beetle
 18643 | Lair:2   | Reached ****** piety under Uskayaw
 18645 | Lair:2   | Killed a boulder beetle
 18838 | Lair:2   | Got a faintly humming leather armour
 19332 | Lair:3   | Reached skill level 10 in Invocations
 19414 | Lair:3   | Got a steaming war axe
 19573 | Lair:3   | Noticed Rupert
 19603 | Lair:3   | Killed Rupert
 19604 | Lair:3   | Gained mutation: You have razor-sharp toenails. [demonic
                  | ancestry]
 19604 | Lair:3   | Reached XP level 13. HP: 100/100 MP: 18/18
 19804 | Lair:3   | Found a staircase to the Shoals.
 19858 | Lair:3   | Found a staircase to the Snake Pit.
 19890 | Lair:3   | Reached skill level 10 in Armour
 19890 | Lair:3   | Gained mutation: You have claws for feet. [demonic
                  | ancestry]
 19890 | Lair:3   | Reached XP level 14. HP: 102/106 MP: 19/19
 20653 | Lair:4   | Got a sparkling marble ring
 21308 | Lair:4   | Reached skill level 11 in Invocations
 21730 | Lair:5   | Noticed Sonja
 21753 | Lair:5   | Killed Sonja
 22192 | Lair:5   | Noticed Snorg
 22210 | Lair:5   | Killed Snorg
 23106 | Lair:6   | Entered Level 6 of the Lair of Beasts
 23222 | Lair:6   | Found a frozen archway.
 23253 | IceCv    | Entered an ice cave
 23516 | IceCv    | Reached skill level 10 in Fighting
 23552 | IceCv    | Reached skill level 12 in Invocations
 23696 | IceCv    | Identified a scroll of acquirement
 23696 | IceCv    | Acquired a +3 quick blade
 23755 | IceCv    | Identified the ring "Ataxken" {+Inv rC+ Will+ Int-3} (You
                  | found it on level 4 of the Lair of Beasts)
 23779 | IceCv    | Identified the cursed +0 leather armour of Usuuba {*Drain
                  | MP+9 Int+6} (You found it on level 2 of the Lair of Beasts)
 23973 | Lair:6   | Found a viscous altar of Jiyva.
 23973 | Lair:6   | Found a staircase to the Slime Pits.
 24016 | Lair:6   | Gained mutation: You sometimes gain power by taking damage.
                  | [demonic ancestry]
 24016 | Lair:6   | Reached XP level 15. HP: 108/115 MP: 21/21
 24975 | Orc:1    | Entered Level 1 of the Orcish Mines
 25004 | Orc:1    | Noticed an orc warlord
 25020 | Orc:1    | Noticed Jorgrun
 25022 | Orc:1    | Killed an orc warlord
 25023 | Orc:1    | Reached skill level 13 in Invocations
 25047 | Orc:1    | Killed Jorgrun
 25048 | Orc:1    | Reached skill level 10 in Dodging
 25189 | Orc:1    | Found a roughly hewn altar of Beogh.
 25716 | Orc:2    | Entered Level 2 of the Orcish Mines
 26272 | Orc:2    | Found a roughly hewn altar of Beogh.
 26595 | Orc:2    | Found Odiusela's Antique Armour Shop.
 26734 | Orc:2    | Found a staircase to the Elven Halls.
 26861 | Orc:2    | Found Neuhaemn's Antique Armour Emporium.
 26966 | Orc:2    | Bought the +3 crown of Dyrovepreva {rElec Int+2 SInv} for
                  | 1324 gold pieces
 26966 | Orc:2    | Found the +3 crown of Dyrovepreva {rElec Int+2 SInv}
 26983 | Orc:2    | Found Bipeg's Jewellery Shop.
 27038 | Orc:2    | Bought the amulet "Paosisic" {rF+ Regen+ Str-2 SInv} for
                  | 528 gold pieces
 27081 | Orc:2    | Found Atwor's Distillery.
 27120 | Orc:2    | Found Xeizxaub's Book Emporium.
 27147 | Orc:2    | Bought a potion of heal wounds for 70 gold pieces
 27147 | Orc:2    | Bought a potion of heal wounds for 70 gold pieces
 27147 | Orc:2    | Bought a potion of haste for 140 gold pieces
 27147 | Orc:2    | Bought 2 potions of haste for 280 gold pieces
 27147 | Orc:2    | Bought a potion of mutation for 112 gold pieces
 27256 | Orc:1    | Noticed Erica
 27264 | Orc:1    | Killed Erica
 27352 | Orc:1    | Found a roughly hewn altar of Beogh.
 27654 | D:13     | Reached skill level 14 in Invocations
 27791 | D:13     | Gained mutation: When hurt, damage is shared between your
                  | health and your magic reserves. [demonic ancestry]
 27791 | D:13     | Reached XP level 16. HP: 127/127 MP: 23/23
 28060 | D:13     | Found Ywutenigro's General Store.
 28068 | D:13     | Bought a scroll of magic mapping for 59 gold pieces
 28068 | D:13     | Bought a scroll of enchant weapon for 127 gold pieces
 28441 | D:14     | Noticed Kirke
 28451 | D:14     | Reached skill level 1 in Evocations
 28460 | D:14     | Killed Kirke
 29139 | D:14     | Found a gate to the Vaults.
 29182 | D:14     | Got a garnet-studded chain mail
 29363 | D:14     | Identified the cursed +0 chain mail "Lizal" {rF+++ Str+2
                  | Stlth-} (You found it on level 14 of the Dungeon)
 29364 | D:14     | Identified the +10 scale mail of Guangier {+Fly Str+2
                  | Stlth+} (You found it on level 14 of the Dungeon)
 29466 | D:15     | Entered Level 15 of the Dungeon
 29655 | D:15     | Found Letish's Distillery.
 29663 | D:15     | Bought a potion of haste for 130 gold pieces
 29663 | D:15     | Bought a potion of resistance for 130 gold pieces
 29663 | D:15     | Bought a potion of invisibility for 104 gold pieces
 29663 | D:15     | Bought a potion of heal wounds for 65 gold pieces
 29992 | D:15     | Reached skill level 5 in Evocations
 30103 | D:15     | Found a staircase to the Depths.
 30421 | Snake:1  | Entered Level 1 of the Snake Pit
 30858 | Snake:1  | Reached XP level 17. HP: 131/137 MP: 22/24
 30860 | Snake:1  | Found Qout's Weapon Emporium.
 30860 | Snake:1  | Found Oblir's General Store.
 30873 | Snake:1  | Found Ycaick's Gadget Emporium.
 30889 | Snake:1  | You fall into a shaft and drop 1 floor!
 31379 | Snake:2  | Found Cenitaos's Armour Boutique.
 32274 | Snake:3  | Found Caluaxaonk's Antique Weapon Shop.
 32487 | Snake:4  | Entered Level 4 of the Snake Pit
 32491 | Snake:4  | Got a translucent arbalest
 32494 | Snake:4  | Identified the +7 arbalest of Propriety {vorpal, Dex+2}
                  | (You found it on level 4 of the Snake Pit)
 32831 | Snake:4  | Identified the +3 kite shield of Greater Demons {rC- rCorr
                  | Str+3}
 32831 | Snake:4  | Noticed Asterion
 32842 | Snake:4  | Killed Asterion
 32971 | Snake:4  | Noticed Bai Suzhen
 33018 | Snake:4  | Killed Bai Suzhen
 33208 | Snake:4  | Noticed Aizul
 33222 | Snake:4  | Killed Aizul
 33484 | Snake:4  | Gained mutation: Your magical and physical power is
                  | slightly enhanced at high health. [demonic ancestry]
 33484 | Snake:4  | Reached XP level 18. HP: 74/148 MP: 18/25
 33487 | Snake:4  | Reached skill level 10 in Evocations
 33495 | Snake:4  | Got a serpentine rune of Zot
 33497 | Snake:4  | Reached skill level 15 in Fighting
 34136 | Vaults:1 | Entered Level 1 of the Vaults
 35354 | Vaults:1 | Found Guelyawn's Book Shoppe.
 35880 | Vaults:2 | Reached skill level 15 in Dodging
 36099 | Vaults:2 | Gained mutation: You are powered by pain. [demonic
                  | ancestry]
 36099 | Vaults:2 | Reached XP level 19. HP: 157/157 MP: 26/26
 36904 | Vaults:3 | Found Kuajop's Book Shoppe.
 37289 | Vaults:3 | Found a staircase to the Crypt.
 37951 | Vaults:3 | Reached skill level 15 in Invocations
 38592 | Vaults:4 | Noticed Sojobo
 38606 | Vaults:4 | Killed Sojobo
 38750 | Vaults:4 | Reached XP level 20. HP: 159/170 MP: 28/28
 39025 | Vaults:4 | Identified the cursed +0 ring mail of the Moon {Will+
                  | Dex+4} (You found it on level 4 of the Vaults)
 39732 | Depths:1 | Entered Level 1 of the Depths
 39759 | Depths:1 | Reached skill level 16 in Invocations
 40523 | Depths:1 | Found a gateway to Hell.
 40523 | Depths:1 | Noticed Margery
 40533 | Depths:1 | Killed Margery
 40737 | Depths:2 | Paralysed by a floating eye for 2 turns
 41261 | Depths:2 | Gained mutation: Your magical and physical power is
                  | enhanced at high health. [demonic ancestry]
 41261 | Depths:2 | Reached XP level 21. HP: 144/180 MP: 27/30
 41841 | Depths:2 | Reached skill level 17 in Invocations
 42029 | Depths:2 | Found a one-way gate leading to the halls of Pandemonium.
 42170 | Depths:3 | Found a magical portal.
 42181 | WizLab   | Entered Lehudib's Moon Base
 42702 | WizLab   | Lost mutation: Your magical capacity is low. (-10% MP) [a
                  | neqoxec]
 42794 | WizLab   | Got a pair of masterwork gloves
 42888 | WizLab   | Found a transporter.
 42900 | WizLab   | Gained mutation: Your spells are a little harder to cast,
                  | but a little more powerful. [a neqoxec]
 42989 | WizLab   | Found a transporter.
 43434 | WizLab   | Got a transparent iron ring
 43436 | WizLab   | Got a coiled glass ring
 43437 | WizLab   | Identified Tuibih's Collected Works on Earthen Evil
 43469 | WizLab   | Identified Lehudib's Disquisition on Clay and Confrontation
 43496 | WizLab   | Identified the cursed +0 pair of gloves of Zumutz {+Inv
                  | Str-3 Int+2} (You found it in a wizard's laboratory)
 43497 | WizLab   | Identified the ring "Asogyus" {rF+ MP+9} (You found it in a
                  | wizard's laboratory)
 43498 | WizLab   | Identified the ring of Suspicion {Wiz +Inv rN++ Will+
                  | Dex-5} (You found it in a wizard's laboratory)
 43566 | Depths:3 | Found a gateway to a ziggurat.
 43953 | Depths:3 | Found a one-way gate to the infinite horrors of the Abyss.
 43997 | Depths:3 | Got a pitted chain mail
 44011 | Depths:3 | Reached skill level 18 in Invocations
 44425 | Depths:3 | Reached XP level 22. HP: 190/190 MP: 35/35
 45373 | Depths:5 | Entered Level 5 of the Depths
 45843 | Depths:5 | Noticed a golden dragon
 45845 | Depths:5 | Found a gate to the Realm of Zot.
 45859 | Depths:5 | Killed a golden dragon
 46251 | Depths:5 | Found Rareyd Pone's Armour Emporium.
 46484 | Depths:5 | Gained mutation: Your body sometimes deteriorates upon
                  | taking damage. [a shining eye]
 46960 | Depths:5 | Reached skill level 19 in Invocations
 47381 | Elf:1    | Entered Level 1 of the Elven Halls
 47621 | Elf:1    | Identified the Tome of Supportive Conjuration
 47721 | Elf:1    | Gained mutation: You regenerate magic rapidly. [demonic
                  | ancestry]
 47721 | Elf:1    | Reached XP level 23. HP: 194/200 MP: 34/36
 48335 | Elf:2    | Got a dazzling war axe
 48341 | Elf:2    | Found an ancient bone altar of Kikubaaqudgha.
 48760 | Elf:2    | Found a huge runed translucent gate.
 48760 | Elf:2    | Found a huge runed translucent gate.
 48760 | Elf:2    | Found a huge runed translucent gate.
 48761 | Elf:2    | Found a huge runed translucent gate.
 48762 | Elf:2    | Found a huge runed translucent gate.
 48809 | Elf:3    | Entered Level 3 of the Elven Halls
 49362 | Elf:3    | Identified the +8 halberd of World's End {vorpal, Dex+4}
 49394 | Elf:3    | Identified the +7 mace "Pacilita" {vamp, Fragile rPois rC+
                  | Will+ Stlth+}
 49526 | Elf:3    | Identified the +0 troll leather armour "Wioj" {Regen+ Int+3
                  | Dex+2}
 49597 | Elf:3    | Got a fine dagger
 50113 | Shoals:1 | Entered Level 1 of the Shoals
 50523 | Shoals:1 | You fall into a shaft and drop 1 floor!
 51375 | Shoals:2 | Reached skill level 20 in Invocations
 51499 | Shoals:3 | Noticed Nikola
 51500 | Shoals:3 | Found a runed translucent gate.
 51500 | Shoals:3 | Found a runed translucent gate.
 51500 | Shoals:3 | Found a runed translucent gate.
 51501 | Shoals:3 | Found an opulent altar of Gozag.
 51501 | Shoals:3 | Noticed Life0's ghost (adept MiBe)
 51512 | Shoals:3 | Killed Nikola
 52069 | Shoals:4 | Entered Level 4 of the Shoals
 52757 | Shoals:4 | Gained mutation: Your magical and physical power is greatly
                  | enhanced at high health. [demonic ancestry]
 52757 | Shoals:4 | Reached XP level 24. HP: 195/212 MP: 34/37
 52785 | Shoals:4 | Got a barnacled rune of Zot
 53489 | Vaults:5 | Entered Level 5 of the Vaults
 54076 | Vaults:5 | Got a silver rune of Zot
 54129 | Vaults:5 | Reached skill level 21 in Invocations
 54495 | Vaults:5 | Identified the amulet "Casch" {Spirit rElec rPois rC-
                  | Will-}
 54537 | Vaults:5 | Reached XP level 25. HP: 174/221 MP: 33/37
 54595 | Vaults:5 | Got an ancient granite ring
 54599 | Vaults:5 | Got a pitted shortbow
 54754 | Vaults:5 | Identified the ring "Tarof" {Str+3 Stlth-} (You found it on
                  | level 5 of the Vaults)
 54774 | Vaults:5 | Got a heavily runed ring mail
 54850 | Vaults:5 | Got a bloodstained whip
 55322 | Vaults:5 | Identified the +5 mace of the Foremost Invaders {drain,
                  | rF+}
 55563 | Vaults:5 | Got an ichor-stained triple crossbow
 55565 | Vaults:5 | Got a crude scale mail
 55813 | Crypt:1  | Entered Level 1 of the Crypt
 56106 | Crypt:1  | Reached skill level 22 in Invocations
 57024 | Crypt:2  | Noticed an ancient lich
 57035 | Crypt:2  | Killed an ancient lich
 57049 | Crypt:2  | Found an ancient bone altar of Kikubaaqudgha.
 57352 | Crypt:2  | Found a basalt altar of Yredelemnul.
 57472 | Crypt:3  | Entered Level 3 of the Crypt
 57877 | Crypt:3  | Identified the Compendium of the Mutagenic Entourage
 57936 | Crypt:3  | Reached skill level 23 in Invocations
 58035 | Crypt:3  | Identified the Grimoire of the Unstoppable Stars
 58405 | Crypt:3  | Got a brightly glowing amber ring
 58438 | Crypt:3  | Identified the ring of Wyigany {+Fly rC+ rCorr Str+4} (You
                  | found it on level 3 of the Crypt)
 58744 | Crypt:3  | Found a staircase to the Tomb.
 58766 | Crypt:3  | Noticed an ancient lich
 58783 | Crypt:3  | Killed an ancient lich
 58784 | Crypt:3  | Gained mutation: When low on magic, you restore magic in
                  | place of health. [demonic ancestry]
 58784 | Crypt:3  | Reached XP level 26. HP: 224/232 MP: 37/38
 58802 | Crypt:3  | Identified the Reference Book on Combat Magic and Calling
 58805 | Crypt:3  | Got a flickering bone ring
 59500 | Zot:1    | Entered Level 1 of the Realm of Zot
 59817 | Zot:1    | Reached skill level 24 in Invocations
 60821 | Zot:2    | Reached skill level 25 in Invocations
 61152 | Zot:3    | Noticed an orb of fire
 61163 | Zot:3    | Killed an orb of fire
 61798 | Zot:4    | Reached XP level 27. HP: 228/242 MP: 38/39
 61892 | Zot:4    | Reached skill level 26 in Invocations
 62932 | Zot:5    | Entered Level 5 of the Realm of Zot
 63044 | Zot:5    | Found a runed translucent door.
 63759 | Lair:6   | Identified the ring "Urchogosu" {+Blink rC+ Will+ Str-4
                  | Int+6} (You found it on level 3 of the Crypt)
 63767 | Slime:1  | Entered Level 1 of the Pits of Slime
 63869 | Slime:4  | Lost mutation: You are agile. (Dex +2) [a shining eye]
 63870 | Slime:4  | Gained mutation: You are clumsy. (Dex -2) [a shining eye]
 63902 | Slime:4  | Gained mutation: You are frail. (-10% HP) [a shining eye]
 63908 | Slime:4  | Noticed Dissolution
 63918 | Slime:4  | Killed Dissolution
 63918 | Slime:4  | Gained mutation: You tend to lose your temper in combat. [a
                  | shining eye]
 63919 | Slime:4  | Reached skill level 27 in Invocations
 63920 | Slime:4  | Gained mutation: Armour fits poorly on your strangely
                  | shaped body. [a shining eye]
 63993 | Slime:4  | Gained mutation: You occasionally shout uncontrollably at
                  | your foes. [a shining eye]
 63999 | Slime:4  | Gained mutation: You often lose your temper in combat. [a
                  | shining eye]
 64281 | Slime:5  | Entered Level 5 of the Pits of Slime
 64287 | Slime:5  | Gained mutation: You are very clumsy. (Dex -4) [a shining
                  | eye]
 64419 | Slime:4  | Lost mutation: You often lose your temper in combat.
                  | [potion of mutation]
 64419 | Slime:4  | Lost mutation: You are very clumsy. (Dex -4) [potion of
                  | mutation]
 64419 | Slime:4  | Lost mutation: Your body sometimes deteriorates upon taking
                  | damage. [potion of mutation]
 64419 | Slime:4  | Lost mutation: Armour fits poorly on your strangely shaped
                  | body. [potion of mutation]
 64419 | Slime:4  | Gained mutation: You evolve. [potion of mutation]
 64466 | Slime:5  | Found a viscous altar of Jiyva.
 64467 | Slime:5  | Noticed the Royal Jelly
 64467 | Slime:5  | Gained mutation: You sometimes yell uncontrollably at your
                  | foes. [a shining eye]
 64487 | Slime:5  | Killed the Royal Jelly
 64535 | Slime:5  | HP: 16/328 [acid (4)]
 64535 | Slime:5  | Slain by an acid blob

Illustrated notes

Levels and vault maps discovered:
D:1:      lightli_iron_boxes, layout_rooms, serial_curves, eino_curves_02,
          eino_curves_04, eino_curves_02
D:2:      layout_loops_cross, kennysheep_vampire_church
D:3:      layout_basic, elyvilon_altar_4, nemelex_xobeh_ov_fountains_minmay,
          lemuel_round_altar
D:4:      layout_rooms, nzn_wu_jian_council_hall, portal_sewer_entry_c
D:5:      layout_loops_ring, lemuel_crystal_altar, temple_fountains,
          serial_undead, serial_undead_d, serial_undead_f, serial_undead_d,
          serial_undead_e, serial_undead_d, serial_undead_d,
          nicolae_ru_great_annihilating_truth
D:6:      layout_basic, old_standard_altar, nicolae_qazlal_general_emergency,
          bloody_makhleb, minmay_lizard_king
D:7:      layout_cave_pools
D:8:      layout_basic, lemuel_zombie_altar_yredelemnul, kennysheep_mini,
          enter_ossuary_4, ploomutoo_gammafunk_ghost_potion_laboratory
D:9:      cheibrodos_histonic, layout_loops_ring,
          nicolae_overflow_hidden_temple, okawaru_altar_gauntlet_db
D:10:     minmay_the_grid_triangle_9x9_recursive_2
          [minmay_the_grid_triangle_9x9_prize_center,
          minmay_the_grid_triangle_9x9_subtriangle,
          minmay_the_grid_triangle_9x9_odd_lines,
          minmay_the_grid_triangle_9x9_descending_squares],
          layout_irregular_city, grunt_lair_entry_orc_guard_hut
D:11:     layout_long_grid
D:12:     layout_stronghold, david_orc_4
D:13:     cheibrodos_fzero, layout_loops_ring, serial_shops,
          nicolae_shop_crystal
D:14:     wad_arrow_thing, layout_long_grid, grunt_vaults_entry_tiered,
          uniq_kirke
D:15:     grunt_enter_depths_magical_seal, layout_long_grid, serial_shops, shop
Temple:   jpeg_temple_island
Lair:1:   layout_roguey, beast_lair_carwin_7
Lair:2:   layout_gridlike
Lair:3:   layout_cave_pods, elwin_shoals_entry_stream, dummy_snake_entry,
          grunt_megastairs_1, serial_bayou_shore_b, uniq_rupert
Lair:4:   layout_cave_pods, special_room [special_room_bee], serial_rivers,
          chequers_serial_rivers_micro_e, chequers_serial_rivers_micro_d,
          chequers_serial_rivers_micro_c, chequers_serial_rivers_small_3,
          chequers_serial_rivers_small_b, chequers_serial_rivers_micro_b
Lair:5:   layout_small_grid, bobbens_ice_dragon_lair,
          infiniplex_staircase_pool_2, uniq_sonja, uniq_snorg
Lair:6:   grunt_lair_end_beastmaster, layout_concentric_octagons, slime_altar_1,
          portal_ice_cave_entry_pillars_1, st_stairs_4, grunt_megastairs_3
Shoals:1: cheibrodos_shoals_roost, layout_shoals
Shoals:2: layout_shoals
Shoals:3: layout_shoals, ebering_ghost_gozag, uniq_nikola
Shoals:4: shoals_end_grunt_ice, layout_shoals
Snake:1:  layout_rooms, serial_bayou_shore_a, minmay_shop_star
Snake:2:  layout_layer_cave, serial_shops, shop
Snake:3:  layout_onion_interference, serial_shops, nicolae_shop_stone
Snake:4:  snake_pit, layout_grid_maze, uniq_asterion, uniq_aizul,
          uniq_bai_suzhen
Slime:1:  layout_caves
Slime:2:  layout_caves, basic_altar, amcnicky_altar_lugonu_corruption
Slime:3:  layout_caves
Slime:4:  layout_caves, uniq_dissolution
Slime:5
Orc:1:    orc_temple, layout_caves, mines1_david, uniq_erica, uniq_jorgrun
Orc:2:    st_orc_town, layout_caves, serial_shops, shop
Elf:1:    eino_elf_arrival_the_gate, layout_gridlike, minmay_elf_sorcery,
          minivault_28
Elf:2:    layout_geoelf_octagon, basic_altar, st_stairs_1, kb_rosetta
Elf:3:    grunt_elf_hall_branching, layout_geoelf_diagonals,
          amcnicky_mini_rare_corridor_liquid
Vaults:1: nicolae_vaults_windows_and_doors_thing, hangedman_vaults_maws,
          vaults_room_fancy_cross, nicolae_vaults_inception_scallops, v_misc_27,
          vaults_mumra_lcd, vaults_standard_mumra_x, vaults_mumra_hexcomb,
          hangedman_vaults_locks, nicolae_vaults_statue_guard,
          vaults_dpeg_diagonal, layout_vaults_omnigrid, serial_shops,
          nicolae_shop_behind_doors
Vaults:2: v_misc_30, v_misc_1, ontoclasm_vaults_claustrophobia,
          vaults_room_corners, vaults_room_door_hall, grunt_vaults_twisty,
          vaults_dpeg_encased_lava, grunt_vaults_trifunnel, st_quartered_hall,
          nicolae_vaults_theta, nicolae_vaults_shelves_hall, vaults_dpeg_doors,
          ontoclasm_vaults_loading_screen, layout_vaults_omnibox, serial_glass
Vaults:3: hangedman_vaults_corner, nicolae_vaults_disjoint_gnomons, v_rooms_6,
          v_misc_24, nicolae_vaults_shelves_hall,
          minmay_crypt_entry_simple_statues, v_misc_10,
          vaults_room_stairs_pillars, hangedman_vaults_cutoff,
          layout_vaults_chaotic_city, serial_shops, shop
Vaults:4: nicolae_vaults_what_the_h, vaults_standard_mumra_lines, v_misc_3,
          nicolae_vaults_little_squares_5, v_alt_pattern_3, v_misc_16,
          nicolae_vaults_mini_display_case, v_misc_24,
          nicolae_vaults_network_quincunx
          [nicolae_vaults_network_quincunx_subvault,
          nicolae_vaults_network_quincunx_subvault,
          nicolae_vaults_network_quincunx_subvault,
          nicolae_vaults_network_quincunx_subvault,
          nicolae_vaults_network_quincunx_subvault],
          nicolae_vaults_little_squares_4, v_alt_pattern_6,
          nicolae_vaults_little_squares_5, nicolae_vaults_little_squares_6,
          layout_vaults_maze_snakey, uniq_sojobo
Vaults:5: serial_shops
Crypt:1:  layout_basic, grunt_crypt_arrival_webbed
Crypt:2:  layout_chaotic_city, hangedman_feature_mirror
Crypt:3:  quadcrypt_mu
Depths:1: layout_cave_shapes, grunt_metal_band, chequers_decorated_corner,
          minmay_misc_feat_x, dpeg_stationary_puzzle,
          roderic_lattice_octagonal_star
Depths:2: minmay_connected_boxes_in_corner, layout_cave_pools,
          rand_demon_pan_entry_7, grunt_hell_entry_dis_grunt,
          hangedman_abyss_or_decor_jellyfish_corner
Depths:3: minmay_bloctagon_deflated, layout_gridlike, enter_ziggurat_d,
          abyss_entry_small_statue_room, amcnicky_mini_pool_small, hell_entry,
          mu_enter_wizlab_2, grunt_pan_entry_zigzag, st_stairs_5,
          kennysheep_opposing_triangles
Depths:4: grunt_twist_and_shout, layout_small_grid, abyss_entry_crystal,
          corexii_leaking_fountain, pf_hell_entry_tar_river
Depths:5: grunt_zot_entry_bicorn, layout_basic, pf_vacation_house_of_asmodeus,
          moated_statue, serial_shops, nicolae_shop_stone, minivault_14,
          moated_statue, horrible_house_mu, serial_bayou_shore_b,
          serial_bayou_shore_b
Zot:1:    layout_cathedral_of_symmetry
Zot:2:    infiniplex_zot_generator, layout_cellular_growth, grunt_ministairs_6,
          st_single_dragon_hoard_2
Zot:3:    layout_basic, st_stairs_13
Zot:4:    layout_basic, st_stairs_4
Zot:5:    layout_misc_corridors, ebering_ghost_reflecting_pool

Skill      XL: |  1  2  3  4  5  6  7  8  9 10 11 12 13 14 15 16 17 18 19 20 21 22 23 24 25 26 27 |
---------------+----------------------------------------------------------------------------------+-----
Short Blades   | 2 3 4 6 7 8 9 10 11 12 13 14 | 14.0
Dodging        | 1 3 4 5 6 7 8 9 10 12 13 15 16 17 18 19 20 21 22 23 24 | 24.0
Armour         | 1 3 4 5 6 7 10 11 12 | 12.2
Fighting       | 4 5 6 7 8 10 11 13 14 16 17 19 20 21 22 23 24 25 | 25.7
Invocations    | 2 4 6 8 10 12 14 15 16 18 19 20 21 23 25 27 | 27.0
Throwing       | 3 4 |  4.0
Evocations     | 6 9 12 | 12.0
Stealth        | |  3.6

Action                   |  1- 3 |  4- 6 |  7- 9 | 10-12 | 13-15 | 16-18 | 19-21 | 22-24 | 25-27 || total
-------------------------+-------+-------+-------+-------+-------+-------+-------+-------+-------++-------
Melee: Dagger            |   108 |    26 |   102 |       |       |       |       |       |       ||   236
       Short sword       |       |   310 |   458 |       |       |       |       |       |       ||   768
       Kick              |       |       |   107 |       |   415 |   509 |   592 |   671 |   744 ||  3038
       Rapier            |       |       |    96 |   580 |       |       |       |       |       ||   676
       Pair of quick bla |       |       |       |   238 |  1151 |  1284 |  1324 |  1601 |  1702 ||  7300
Throw: Dart              |     2 |     6 |     2 |       |       |       |       |       |       ||    10
       Javelin           |       |       |     2 |       |       |       |       |       |       ||     2
Invok: Stomp             |       |       |       |     1 |     1 |       |       |       |       ||     2
       Grand Finale      |       |       |       |       |       |     1 |       |       |     1 ||     2
  Use: Scroll            |       |     5 |     2 |     2 |    17 |     9 |     7 |    19 |     9 ||    70
       Potion            |       |     1 |     2 |     6 |     7 |     1 |       |       |     2 ||    19
 Stab: Sleeping          |     3 |    12 |     7 |     1 |       |       |       |       |       ||    23
       Paralysed         |       |     1 |    13 |    49 |   103 |   124 |   149 |   132 |   156 ||   727
       Distracted        |       |       |     1 |       |       |       |     1 |       |       ||     2
Armor: Robe              |    14 |    98 |    87 |       |       |       |       |       |       ||   199
       Chain mail        |       |       |   102 |    76 |   184 |   321 |   274 |   334 |       ||  1291
       Scale mail        |       |       |       |   128 |       |       |       |       |       ||   128
       Ice dragon scales |       |       |       |       |    14 |       |       |       |       ||    14
       Gold dragon scale |       |       |       |       |       |       |       |    11 |   577 ||   588
Dodge: Dodged            |    45 |   171 |   326 |   305 |   447 |   555 |   485 |   664 |   529 ||  3527
       Repelled          |       |       |       |       |     7 |    43 |    10 |    29 |    21 ||   110
Block: Other             |       |       |     8 |   120 |    89 |       |       |       |       ||   217
       Reflection        |       |       |       |     4 |       |       |       |       |       ||     4

Table legend: (Time is in decaauts)
 A = Elapsed time spent in this place.
 B = Non-inter-level travel time spent in this place.
 C = Inter-level travel time spent in this place.
 D = Time resting spent in this place.
 E = Time spent auto-exploring this place.
 F = Levels seen in this place.
 G = Mean time per level.
                   A        B        C        D        E       F      G
               +--------+--------+--------+--------+--------+-----+--------+
         Total |  59365 |  54599 |   4766 |   4944 |  39694 |  61 |  973.2 |
       Dungeon |  20253 |  18632 |   1621 |   3509 |  12197 |  15 | 1350.2 |
        Temple |    147 |    134 |     13 |      0 |    126 |   1 |  147.0 |
          Lair |   6202 |   5522 |    680 |    116 |   4633 |   6 | 1033.7 |
        Shoals |   3031 |   2703 |    328 |     30 |   2195 |   4 |  757.8 |
     Snake Pit |   3126 |   2972 |    154 |    298 |   2129 |   4 |  781.5 |
    Slime Pits |    614 |    586 |     28 |    234 |     59 |   5 |  122.8 |
  Orcish Mines |   2409 |   2224 |    185 |    327 |   1513 |   2 | 1204.5 |
   Elven Halls |   2262 |   2097 |    165 |      0 |   1603 |   3 |  754.0 |
        Vaults |   7166 |   6437 |    729 |     13 |   4854 |   5 | 1433.2 |
         Crypt |   2869 |   2755 |    114 |      0 |   2230 |   3 |  956.3 |
        Depths |   5724 |   5233 |    491 |    220 |   4169 |   5 | 1144.8 |
           Zot |   3512 |   3258 |    254 |      0 |   2764 |   5 |  702.4 |
         Sewer |    390 |    390 |      0 |    149 |    157 |   1 |  390.0 |
      Ice Cave |    544 |    544 |      0 |     48 |    284 |   1 |  544.0 |
        Wizlab |   1109 |   1109 |      0 |      0 |    779 |   1 | 1109.0 |
               +--------+--------+--------+--------+--------+-----+--------+

Top non-repeatable levels by time:
    D:12: 2325 daAuts
Vaults:5: 1840 daAuts
     D:5: 1791 daAuts
     D:9: 1654 daAuts
    D:10: 1643 daAuts
     D:2: 1614 daAuts
Depths:5: 1613 daAuts
     D:8: 1585 daAuts
Vaults:3: 1542 daAuts
  Lair:3: 1507 daAuts
  Lair:5: 1442 daAuts
 Crypt:3: 1420 daAuts
     D:7: 1415 daAuts
Vaults:1: 1398 daAuts
   Orc:1: 1349 daAuts
